 Dungeon Crawl Stone Soup version 0.27-a0-1590-g15f69828bf (webtiles) character file.

Game seed: 11990393521867076639

23044 Sobieck the Martial Artist (level 13, -3/63 HPs)
             Began as a Vine Stalker Monk on July 18, 2021.
             Was the Champion of Cheibriados.
             Slain by a stone giant simulacrum (16 damage)
             ... on level 2 of the Abyss.
             The game lasted 00:31:40 (12548 turns).

Sobieck the Martial Artist (Vine Stalker Monk)     Turns: 12548, Time: 00:31:40

Health: -3/63      AC: 23    Str: 28    XL:     13   Next: 4%
Magic:  0/37       EV: 13    Int: 29    God:    Cheibriados [******]
Gold:   754        SH: 16    Dex: 34    Spells: 12/12 levels left

rFire    + + +     SeeInvis .     - Unarmed
rCold    + . .     Faith    .   n - +1 kite shield
rNeg     . . .     Spirit   +   z - +1 plate armour
rPois    .         Reflect  .   K - +2 helmet of Fedhas's Favour {Fly rF+++ Will-}
rElec    .         Harm     .   M - scarf {rC+ rF+}
rCorr    .         Rampage  .   T - +2 pair of gloves
Will     .....                  m - +2 pair of boots
Stlth    ..........             (no amulet)
HPRegen  1.20/turn              q - ring of magical power
MPRegen  0.25/turn              E - ring of magical power

@: unable to read, flying, very slow
A: fangs 3, regeneration 1, magic shield, antimagic bite, no potion heal 2,
frail 1, inability to read while threatened
a: Renounce Religion, Bend Time, Temporal Distortion, Slouch, Step From Time


You were on level 2 of the Abyss.
You worshipped Cheibriados.
Cheibriados was exalted by your worship.
You visited 2 branches of the dungeon, and saw 14 of its levels.
You visited the Abyss 1 time.
You also visited: Volcano.

You collected 874 gold pieces.
You spent 120 gold pieces at shops.


Innate Abilities, Weirdness & Mutations

You have razor-sharp teeth.
Your natural rate of healing is unusually fast.
When hurt, damage is shared between your health and your magic reserves.
Your bite disrupts and absorbs the magic of your enemies.
Potions cannot restore your health.
You are frail. (-10% HP)
You sometimes lose the ability to read scrolls when taking damage.


   Skills:
 + Level 8.8 Fighting
 + Level 6.2 Armour
 + Level 6.5 Dodging
 - Level 2.4 Stealth
 + Level 9.5 Shields
 + Level 11.3 Unarmed Combat
 + Level 7.0 Invocations


You had 12 spell levels left.
You didn't know any spells.
Your spell library contained the following spells:

 Spells                   Type           Power      Damage    Failure   Level
 Shock                    Conj/Air       0%         1d3       91%         1
 Blink                    Tloc           N/A        N/A       97%         2
 Sublimation of Blood     Necr           0%         N/A       97%         2
 Wereblood                Tmut           0%         N/A       97%         2
 Lesser Beckoning         Tloc           0%         N/A       100%        3
 Ozocubu's Armour         Ice            0%         N/A       100%        3
 Spider Form              Tmut/Pois      0%         N/A       100%        3
 Swiftness                Air            0%         N/A       100%        3
 Airstrike                Air            0%         N/A       100%        4
 Animate Armour           Summ/Erth      0%         N/A       100%        4
 Blade Hands              Tmut           0%         N/A       100%        5
 Borgnjor's Vile Clutch   Necr/Erth      0%         N/A       100%        5
 Manifold Assault         Tloc           0%         N/A       100%        5
 Iron Shot                Conj/Erth      0%         9d1       100%        6
 Statue Form              Tmut/Erth      0%         N/A       100%        6
 Ozocubu's Refrigeration  Ice            0%         4d5       100%        7
 Summon Hydra             Summ           0%         N/A       100%        7

Inventory:

Hand Weapons
 b - a +2 hunting sling of freezing {sling}
   (You found it on level 6 of the Dungeon)
 l - a +0 dagger of venom {short}
   (You took it off a goblin on level 2 of the Dungeon)
Missiles
 c - 127 arrows
 e - 323 stones {throwing}
 g - 119 bolts
 k - 120 sling bullets
 o - 6 throwing nets {=f!fthrowing}
 p - 3 atropa-tipped darts {throwing}
 r - 7 boomerangs {throwing}
 t - 3 curare-tipped darts {=fthrowing}
 y - 47 poisoned darts (quivered) {throwing}
Armour
 m - a +2 pair of boots (worn)
   (You found it on level 6 of the Dungeon)
 n - a +1 kite shield (worn)
   (You took it off a kobold on level 4 of the Dungeon)
 z - a +1 plate armour (worn)
   (You found it on level 5 of the Dungeon)
 K - the +2 helmet of Fedhas's Favour (worn) {Fly rF+++ Will-}
   (You found it on level 6 of the Dungeon)

   rF:        It renders you almost immune to fire.
   Fly:       It grants you flight.
   Will:      It decreases your willpower.
 M - a scarf of resistance (worn)
   (You found it on level 6 of the Dungeon)
 T - a +2 pair of gloves (worn)
   (You found it on level 10 of the Dungeon)
Jewellery
 q - a ring of magical power (left hand)
   (You found it on level 4 of the Dungeon)
 E - a ring of magical power (right hand)
   (You took it off a wight on level 8 of the Dungeon)
 L - a ring of protection from cold
   (You found it on level 6 of the Dungeon)
 S - a ring of wizardry
   (You found it on level 10 of the Dungeon)
Wands
 f - a wand of flame (16)
   (You took it off an orc on level 6 of the Dungeon)
 x - a wand of polymorph (18)
   (You found it on level 8 of the Dungeon)
 F - a wand of iceblast (8)
   (You took it off a wight on level 8 of the Dungeon)
 O - a wand of charming (8)
   (You found it on level 12 of the Dungeon)
 Q - a wand of digging (8)
   (You found it on level 9 of the Dungeon)
Scrolls
 a - a scroll of noise {!r}
 s - 2 scrolls of blinking {!r}
 w - 3 scrolls of teleportation {@r4}
 N - a scroll of vulnerability {!r!r}
 U - 2 scrolls of fog
 V - 2 scrolls of magic mapping {unknown}
Potions
 d - 4 potions of heal wounds {@q2}
 h - 4 potions of flight
 i - 8 potions of curing {@q1}
 j - 6 potions of lignification {!q}
 u - 4 potions of cancellation
 v - 3 potions of brilliance
 A - a potion of attraction {!q}
 B - a potion of haste {forbidden@q3}
 C - 2 potions of mutation {!q}
 D - 3 potions of might
 G - a potion of ambrosia {unknown}
 H - a potion of degeneration {unknown}
 I - a potion of berserk rage {unknown}
 J - 2 potions of magic {unknown}
 R - a potion of invisibility {unknown}
Miscellaneous
 P - a piece from Xom's chessboard (15/15) {forbidden}
   (You found it on level 9 of the Dungeon)

Dungeon Overview and Level Annotations

Branches:
Dungeon (13/15)            Temple (0/1) D:4            Lair (1/6) D:8
    Orc (0/2) D:11        Volcano (visited)
 Vaults: D:13-14

Altars:
Cheibriados
Fedhas
Kikubaaqudgha
Trog
Vehumet
Wu Jian
Zin
The Shining One
Beogh

Shops:
D:2 (:[   D:4 !   D:7 *   D:10 ?

Annotations:
D:2 exclusion: downstairs
D:12 exclusion: downstairs
D:13 Erolcha

.# ## . . . #
#.# # ... # #
# #..# . ##. .
#.#. ##..# .#
.... #####...#
. # ..###.@..#
## .
...G#..Z###..#
. . .#.#G..
.##
#...#..#..#
##.......##
#..##...# .#.#
#.... ##..#
..### .. . ...


You could see a golden eye and a stone giant simulacrum.


Message History

You resist with some effort. The golden eye blinks at you.
You are more confused.
You bump into the stone wall.
The golden eye blinks!
The golden eye blinks at you.
You are more confused.
You bump into the stone wall.
You completely miss the golden eye. You bite the golden eye!
The golden eye's magic leaks into the air.
You drain its magic. The golden eye blinks at you.
You are more confused.
The golden eye falters for a moment.
You bump into the stone wall.
The golden eye falters for a moment.
The golden eye blinks!
A stone giant simulacrum comes into view.
Unknown command.
You bump into the rock wall.
The golden eye blinks at you.
You are more confused.
The golden eye falters for a moment.
You bump into the rock wall.
The golden eye turns its gaze towards you.
The golden eye blinks!
The golden eye falters for a moment.
The golden eye blinks at you.
You easily resist.
The golden eye falters for a moment.
Unknown command.
You bump into the stone wall.
The golden eye turns its gaze towards you.
The golden eye blinks at you.
You are more confused.
You barely miss the golden eye. You bite the golden eye.
You kill the golden eye!
Cheibriados thoroughly appreciates the change of pace.
The golden eye blinks at you.
You are more confused.
You bump into the stone wall.
The golden eye turns its gaze towards you.
The golden eye blinks at you.
You are more confused.
Your system rejects the healing.
You feel better.
The golden eye turns its gaze towards you.
The golden eye blinks!
You hit the golden eye. You bite the golden eye.
The golden eye's magic leaks into the air.
You drain its magic.
The stone giant simulacrum hits you but does no damage.
The golden eye falters for a moment.
You closely miss the golden eye. You bite the golden eye.
You kill the golden eye!
Cheibriados appreciates the change of pace.
The stone giant simulacrum hits you but does no damage.
You barely miss the golden eye. Your bite misses the golden eye.
The golden eye blinks at you.
You are confused.
Your system rejects the healing.
You feel better.
The golden eye turns its gaze towards you.
The stone giant simulacrum hits you!
The stone giant simulacrum freezes you!!
You resist.
You feel threatened and lose the ability to read scrolls! 😮 HP[-21] MP[-12]
You take 21 damage, and now have 42/63 hp.
MASSIVE DAMAGE!! (PAUSE)
You lost 12 mp, and now have 25/37 mp.
You hit the golden eye but do no damage.
You bite the golden eye.
The golden eye's magic leaks into the air.
You drain its magic.
You feel invigorated. The golden eye blinks at you.
You are confused.
The stone giant simulacrum hits you. The stone giant simulacrum freezes you!
You resist. 😮 HP[-9] MP[-5]
You take 9 damage, and now have 33/63 hp.
You lost 5 mp, and now have 20/37 mp.
The golden eye blinks at you.
You are more confused.
The golden eye blinks!
The golden eye blinks at you.
You resist with almost no effort. 😮 HP[+2] MP[+1]
You regained 2 hp, and now have 35/63 hp.
The golden eye blinks at you.
You are more confused.
The stone giant simulacrum completely misses you.
The stone giant simulacrum hits you.
The stone giant simulacrum freezes you!!
You resist.
* * * LOW HITPOINT WARNING * * *
😨 HP[-13] MP[-10]
You take 13 damage, and now have 22/63 hp.
MASSIVE DAMAGE!! (PAUSE)
You lost 10 mp, and now have 11/37 mp.
Your system rejects the healing.
You feel better. The stone giant simulacrum hits you!
* * * LOW HITPOINT WARNING * * *
The stone giant simulacrum freezes you!!
You resist.
You die...

Skill      XL: |  1  2  3  4  5  6  7  8  9 10 11 12 |
---------------+-------------------------------------+-----
Fighting       | 3 4 5 6 7 8 |  8.8
Armour         | 1 2 3 4 5 6 |  6.2
Dodging        | 3 4 5 6 |  6.5
Unarmed Combat | 4 5 7 9 10 11 | 11.3
Invocations    | 1 3 4 5 7 |  7.0
Shields        | 1 3 5 7 8 9 |  9.5
Stealth        | |  2.4

Action                   |  1- 3 |  4- 6 |  7- 9 | 10-12 | 13-15 || total
-------------------------+-------+-------+-------+-------+-------++-------
Melee: Unarmed           |   102 |   147 |   173 |   583 |    14 ||  1019
       Bite              |    21 |    50 |    98 |   394 |    10 ||   573
       Punch             |     1 |     4 |       |       |       ||     5
       Hunting sling     |       |       |       |     1 |       ||     1
 Fire: Hunting sling     |    47 |    32 |    79 |    74 |       ||   232
Throw: Stone             |    13 |       |       |       |       ||    13
       Dart              |       |     1 |       |       |       ||     1
Invok: Temporal Distorti |       |       |       |     1 |       ||     1
  Use: Scroll            |       |     7 |     2 |    14 |       ||    23
       Potion            |       |       |       |     1 |     3 ||     4
 Stab: Sleeping          |     1 |     3 |       |       |       ||     4
       Confused          |       |       |       |     1 |       ||     1
Armor: Robe              |    30 |    24 |       |       |       ||    54
       Ring mail         |       |    12 |       |       |       ||    12
       Chain mail        |       |    29 |    30 |       |       ||    59
       Plate armour      |       |       |    47 |   205 |     4 ||   256
Dodge: Dodged            |    77 |    93 |    61 |   134 |     1 ||   366
Block: Kite shield       |       |       |    83 |   347 |     2 ||   432

Levels and vault maps discovered:
D:1:      minmay_arrival_glassed_features, layout_loops_ring
D:2:      layout_loops_ring, serial_shops, nicolae_shop_statue_plus, shop, shop,
          basic_altar
D:3:      minmay_razor_zed, layout_rooms, mainiacjoe_overflow_24_doors,
          minitemple, gup_sewer_entry_spiral, basic_ecumenical_altar
D:4:      cheibrodos_helix_gallery, layout_loops_ring, tso_altar,
          minmay_temple_entry_grid, serial_shops, nicolae_square_shop,
          dk_noncrumbling_2, nzn_random_ring
D:5:      layout_basic, fedhas_altar_decomposition, minmay_mini_ossuary,
          uniq_pikel
D:6:      layout_loops_ring
D:7:      layout_rooms, minmay_shop_mayhem, uniq_menkaure, uniq_duvessa,
          uniq_harold
D:8:      layout_rooms, erik_lair_dragon
D:9:      layout_basic, special_room [special_room_orc], uniq_joseph,
          uniq_maggie
D:10:     layout_stronghold, nicolae_vehumet_altar_sigil, serial_shops, shop
D:11:     layout_loops_ring, orc_0_dummy, pond
D:12:     layout_rooms
D:13:     layout_cave_pools, skrybe_vaults_entry_preservation,
          trove_entry_hex_spiral, minmay_misc_feat_encased,
          nicolae_elyvilon_temple_path, uniq_erolcha, uniq_frances
Lair:1:   layout_gridlike, enter_volcano_1, grunt_megastairs_3,
          serial_bayou_shore_a, lemuel_fruit_tree, uniq_nergalle
Abyss:2:  base: D:7, hangedman_abyss_or_decor_clamps
Volcano:  volcano_bunker

Notes
Turn   | Place    | Note
-------+----------+-------------------------------------------
     0 | D:1      | Sobieck the Vine Stalker Monk began the quest for the Orb.
     0 | D:1      | Reached XP level 1. HP: 11/11 MP: 2/2
     0 | D:1      | magus.rc [v1.9.6]
   226 | D:1      | You pick up a book of Air and begin reading...
   226 | D:1      | You add the spells Shock, Swiftness and Airstrike to your
                  | library.
   236 | D:1      | Reached XP level 2. HP: 16/16 MP: 3/3
   654 | D:2      | Found an ancient bone altar of Kikubaaqudgha.
   816 | D:2      | HP: 4/16 [poisoned by a goblin]
  1089 | D:2      | Reached skill level 3 in Fighting
  1089 | D:2      | Reached XP level 3. HP: 20/20 MP: 4/4
  1109 | D:2      | Found Janlokk's Book Boutique.
  1584 | D:2      | Found Naesch's Armour Boutique.
  1634 | D:2      | Reached skill level 1 in Armour
  1697 | D:2      | Found Ciapnen's Weapon Shop.
  2408 | D:3      | Gained mutation: Your natural rate of healing is unusually
                  | fast. [Vine Stalker growth]
  2408 | D:3      | Reached XP level 4. HP: 24/24 MP: 5/5
  2583 | D:3      | Reached skill level 3 in Dodging
  2764 | D:3      | Reached XP level 5. HP: 28/28 MP: 6/6
  2824 | D:3      | Found an ornate altar of the Wu Jian Council.
  2850 | D:3      | You pick up a book of Blood and begin reading...
  2850 | D:3      | You add the spells Sublimation of Blood, Wereblood and
                  | Summon Hydra to your library.
  2859 | D:3      | Found a faded altar of an unknown god.
  2998 | D:5      | Entered Level 5 of the Dungeon
  3105 | D:3      | Found a glowing silver altar of Zin.
  3105 | D:3      | Found a bloodstained altar of Trog.
  3106 | D:3      | Found an ancient bone altar of Kikubaaqudgha.
  3110 | D:3      | Found a snail-covered altar of Cheibriados.
  3266 | D:3      | Became a worshipper of Cheibriados the Contemplative
  3266 | D:3      | Reached * piety under Cheibriados
  3266 | D:3      | Reached ** piety under Cheibriados
  3653 | D:4      | Noticed a necrophage
  3664 | D:4      | Killed a necrophage
  3665 | D:4      | Reached skill level 2 in Armour
  3665 | D:4      | Reached skill level 4 in Unarmed Combat
  3665 | D:4      | Reached skill level 1 in Invocations
  3665 | D:4      | Reached XP level 6. HP: 33/33 MP: 7/7
  3782 | D:4      | Found Hiraq's Distillery.
  4085 | D:4      | Found a staircase to the Ecumenical Temple.
  4135 | D:4      | Noticed a black bear
  4148 | D:4      | Killed a black bear
  4160 | D:4      | Reached skill level 4 in Fighting
  4330 | D:4      | Reached *** piety under Cheibriados
  4331 | D:4      | Reached XP level 7. HP: 37/37 MP: 9/9
  4345 | D:4      | HP: 3/37 [ogre (11)]
  4347 | D:4      | Reached skill level 2 in Invocations
  4806 | D:4      | Found a glowing golden altar of the Shining One.
  5156 | D:5      | Noticed Pikel
  5171 | D:5      | Killed Pikel
  5172 | D:5      | Reached skill level 3 in Armour
  5172 | D:5      | Reached skill level 4 in Dodging
  5172 | D:5      | Reached skill level 1 in Shields
  5172 | D:5      | Reached skill level 5 in Unarmed Combat
  5172 | D:5      | Reached skill level 3 in Invocations
  5172 | D:5      | Gained mutation: You have razor-sharp teeth. [Vine Stalker
                  | growth]
  5172 | D:5      | Reached XP level 8. HP: 41/42 MP: 11/11
  5226 | D:5      | Reached skill level 2 in Shields
  5290 | D:5      | Reached skill level 5 in Fighting
  5355 | D:5      | You pick up a book of Spatial Translocations and begin
                  | reading...
  5355 | D:5      | You add the spells Blink, Lesser Beckoning and Manifold
                  | Assault to your library.
  5392 | D:5      | You add the spells Ozocubu's Armour and Ozocubu's
                  | Refrigeration to your library.
  5403 | D:5      | Reached **** piety under Cheibriados
  5502 | D:5      | You fall into a shaft and drop 3 floors!
  5549 | D:8      | Noticed a komodo dragon
  5557 | D:8      | HP: 9/43 [komodo dragon (12)]
  5563 | D:8      | Killed a komodo dragon
  5564 | D:8      | Reached skill level 3 in Shields
  5564 | D:8      | Reached skill level 4 in Invocations
  5564 | D:8      | Reached XP level 9. HP: 11/47 MP: 7/13
  5690 | D:8      | Reached skill level 4 in Armour
  5695 | D:8      | Reached skill level 6 in Unarmed Combat
  5859 | D:8      | Found a staircase to the Lair.
  6030 | D:8      | Reached skill level 4 in Shields
  6062 | D:8      | Reached skill level 6 in Fighting
  6156 | D:10     | Entered Level 10 of the Dungeon
  6166 | D:7      | Noticed Duvessa
  6166 | D:7      | Noticed Dowan
  6179 | D:7      | Reached skill level 7 in Unarmed Combat
  6208 | D:7      | Noticed Menkaure
  6214 | D:7      | Killed Menkaure
  6237 | D:7      | Reached skill level 5 in Shields
  6242 | D:7      | Reached ***** piety under Cheibriados
  6324 | D:6      | Identified the +2 helmet of Fedhas's Favour {Fly rF+++
                  | Will-}
  6466 | D:6      | Identified the +1 chain mail "Gisah" {Harm Dex+7 Stlth-}
  6498 | D:6      | Reached XP level 10. HP: 53/53 MP: 14/14
  6721 | D:5      | Found a blossoming altar of Fedhas.
  6893 | D:5      | Reached skill level 7 in Fighting
  7195 | D:5      | Reached skill level 8 in Unarmed Combat
  7318 | D:6      | You are sucked into a shaft and drop 2 floors!
  7819 | D:7      | Killed Dowan
  7820 | D:7      | Reached skill level 6 in Shields
  7838 | D:7      | Killed Duvessa
  7958 | D:7      | Found Rivuut's Mayhem Merchandise.
  7958 | D:7      | Noticed Harold
  7970 | D:7      | Killed Harold
  8608 | D:9      | You add the spells Spider Form, Animate Armour, Borgnjor's
                  | Vile Clutch and Statue Form to your library.
  8608 | D:9      | Got the Handbook of the Mutagenic Rocks
  8718 | D:9      | Reached skill level 9 in Unarmed Combat
  8738 | D:9      | Noticed Maggie
  8748 | D:9      | Killed Maggie
  8749 | D:9      | Reached skill level 7 in Shields
  9327 | D:9      | Noticed Joseph
  9340 | D:9      | Killed Joseph
  9381 | D:9      | Reached XP level 11. HP: 58/58 MP: 15/15
  9521 | D:10     | Found a radiant altar of Vehumet.
  9531 | D:10     | Found Gyegaido's Magic Scroll Boutique.
  9540 | D:10     | Bought a scroll of blinking for 120 gold pieces
  9638 | D:10     | Noticed a two-headed ogre
  9648 | D:10     | Killed a two-headed ogre
  9649 | D:10     | Reached skill level 8 in Shields
  9649 | D:10     | Reached skill level 10 in Unarmed Combat
  9713 | D:10     | Reached ****** piety under Cheibriados
 10493 | D:12     | Noticed a two-headed ogre
 10522 | D:11     | Killed a two-headed ogre
 10523 | D:11     | Reached skill level 5 in Dodging
 10565 | D:12     | Reached skill level 5 in Invocations
 10603 | D:13     | Noticed a tengu warrior
 10603 | D:13     | Noticed a tengu warrior
 10604 | D:13     | Noticed a tengu warrior
 10604 | D:13     | Noticed Erolcha
 10662 | D:12     | Noticed a cyclops
 10674 | D:12     | Killed a cyclops
 10679 | D:12     | Noticed a cyclops
 10692 | D:12     | Killed a cyclops
 10798 | D:12     | You pick up a book of Iron and begin reading...
 10798 | D:12     | You add the spells Blade Hands and Iron Shot to your
                  | library.
 10869 | D:12     | Noticed a five-headed hydra
 10878 | D:12     | Killed a five-headed hydra
 10879 | D:12     | Reached skill level 5 in Armour
 10891 | D:12     | Reached XP level 12. HP: 53/64 MP: 17/17
 10978 | D:11     | Noticed a two-headed ogre
 10986 | D:11     | Killed a two-headed ogre
 11180 | D:11     | Reached skill level 8 in Fighting
 11269 | D:11     | Found a staircase to the Orcish Mines.
 11552 | D:12     | Reached skill level 6 in Invocations
 11579 | D:12     | Reached skill level 9 in Shields
 11691 | D:12     | Noticed a centaur warrior
 11702 | D:12     | Killed a centaur warrior
 11983 | D:13     | Noticed a centaur warrior
 11986 | D:13     | Reached skill level 6 in Dodging
 12150 | Lair:1   | Entered Level 1 of the Lair of Beasts
 12174 | Lair:1   | Noticed a death yak
 12174 | Lair:1   | Noticed a death yak
 12175 | Lair:1   | Noticed a death yak
 12188 | Lair:1   | Killed a death yak
 12189 | Lair:1   | Reached skill level 11 in Unarmed Combat
 12199 | Lair:1   | Killed a death yak
 12208 | Lair:1   | Killed a death yak
 12317 | Lair:1   | Found a dark tunnel.
 12345 | Lair:1   | Reached skill level 6 in Armour
 12355 | Volcano  | Entered a volcano
 12377 | Volcano  | You are cast into the Abyss!
 12377 | Volcano  | Cast into level 2 of the Abyss (a wizard)
 12421 | Abyss:2  | Gained mutation: You are frail. (-10% HP) [a neqoxec]
 12430 | Abyss:2  | Gained mutation: You sometimes lose the ability to read
                  | scrolls when taking damage. [a neqoxec]
 12432 | Abyss:2  | Noticed a starcursed mass
 12457 | Abyss:2  | HP: 14/58 [starcursed mass/accursed screaming (4)]
 12487 | Abyss:2  | Reached skill level 7 in Invocations
 12487 | Abyss:2  | Reached XP level 13. HP: 29/63 MP: 19/19
 12548 | Abyss:2  | HP: 13/63 [stone giant simulacrum (11)]
 12548 | Abyss:2  | Slain by a stone giant simulacrum

Vanquished Creatures
  Harold (D:7)
  A hydra (D:12)
  A centaur warrior (D:12)
  3 death yaks (Lair:1)
  3 two-headed ogres
  3 skeletal warriors (D:12)
  Pikel (D:5)
  A large abomination (Abyss:2)
  3 cyclopes (D:12)
  Joseph (D:9)
  2 toenail golems (Volcano)
  A gargoyle (D:10)
  2 cane toads (Lair:1)
  Maggie (D:9)
  3 komodo dragons
  An unseen horror (D:12)
  2 trolls
  3 slime creatures (D:12)
  2 small abominations (Abyss:2)
  A ynoxinul (Abyss:2)
  2 wyverns (D:8)
  2 wraiths
  9 yaks
  A basilisk (D:8)
  A chaos spawn (Abyss:2)
  3 golden eyes (Abyss:2)
  Menkaure (D:7)
  A neqoxec (Abyss:2)
  2 acid dragons
  6 water moccasins
  Duvessa (D:7)
  4 orc warriors (D:9)
  A sky beast (D:5)
  2 black bears
  5 necrophages
  10 starcursed masses (Abyss:2)
  2 ogres
  3 centaurs
  5 kobold brigands
  5 bullfrogs
  A scorpion (D:4)
  A wyvern skeleton (D:6)
  Dowan (D:7)
  5 killer bees (D:10)
  13 wights
  5 howler monkeys
  6 centaur zombies
  2 hounds
  2 orc priests
  3 centaur skeletons
  6 orc wizards
  2 killer bee zombies
  A hound skeleton (D:4)
  A mummy (D:5)
  A howler monkey skeleton (D:7)
  A howler monkey zombie (D:10)
  5 gnolls
  7 adders
  A river rat (D:11)
  A white imp (D:7)
  An ufetubus (D:4)
  An adder zombie (D:5)
  A worm (D:4)
  3 dart slugs
  44 orcs
  5 ball pythons
  11 bats
  10 endoplasms
  5 giant cockroaches
  9 goblins
  11 hobgoblins
  9 jackals
  26 kobolds
  4 quokkas
  2 frilled lizards
  2 hobgoblin zombies (D:5)
  2 orc zombies (D:5)
  5 rats
  A bush (D:5)
319 creatures vanquished.

Vanquished Creatures (others)
  A wight (D:8)
  10 plants
11 creatures vanquished.

Grand Total: 330 creatures vanquished

Table legend:
 A = Non-vault XP
 B = Vault XP
 C = Vault XP percentage of total XP
 D = Non-vault monster count
 E = Vault monster count
 F = Vault count percentage of total count
                 A         B        C        D         E       F
            +---------+---------+-------+---------+---------+-------
      Total |   26069 |    6852 |  20.8 |     226 |      93 |  29.2
            +---------+---------+-------+---------+---------+-------
        D:1 |      24 |       0 |   0.0 |      15 |       0 |   0.0
        D:2 |      29 |       0 |   0.0 |      15 |       0 |   0.0
        D:3 |     112 |      68 |  37.8 |      22 |      22 |  50.0
        D:4 |     171 |     426 |  71.4 |      11 |      17 |  60.7
        D:5 |     670 |    1193 |  64.0 |      18 |      12 |  40.0
        D:6 |     398 |       3 |   0.7 |       5 |       1 |  16.7
        D:7 |     786 |    1355 |  63.3 |      14 |       4 |  22.2
        D:8 |    1032 |    1121 |  52.1 |      23 |       5 |  17.9
        D:9 |     640 |    1374 |  68.2 |      19 |      26 |  57.8
       D:10 |    3223 |       0 |   0.0 |      28 |       0 |   0.0
       D:11 |    3490 |     395 |  10.2 |       6 |       4 |  40.0
       D:12 |    8703 |       0 |   0.0 |      23 |       0 |   0.0
       D:13 |     106 |       0 |   0.0 |       1 |       0 |   0.0
     Lair:1 |    4023 |       0 |   0.0 |       7 |       0 |   0.0
    Abyss:2 |    2662 |       0 |   0.0 |      19 |       0 |   0.0
    Volcano |       0 |     917 | 100.0 |       0 |       2 | 100.0
            +---------+---------+-------+---------+---------+-------

Illustrated notes

Table legend:
 A = Kills in this place as a percentage of kills in entire the game.
 B = Kills by you in this place as a percentage of kills by you in the entire game.
 C = Kills by friends in this place as a percentage of kills by friends in the entire game.
 D = Other kills in this place as a percentage of other kills in the entire game.
 E = Experience gained in this place as a percentage of experience gained in the entire game.
 F = Experience gained in this place divided by the number of levels of this place that you have seen.
                   A       B       C       D       E      F
               +-------+-------+-------+-------+-------+----------------------
         Total | 100.0 | 100.0 |   N/A | 100.0 | 100.0 | 2057.6
       Dungeon |  91.2 |  91.2 |   N/A | 100.0 |  76.9 | 1947.6
          Lair |   2.2 |   2.2 |   N/A |   0.0 |  12.2 | 4023.0
         Abyss |   6.0 |   6.0 |   N/A |   0.0 |   8.1 | 2662.0
       Volcano |   0.6 |   0.6 |   N/A |   0.0 |   2.8 | 917.0
               +-------+-------+-------+-------+-------+----------------------

Table legend: (Time is in decaauts)
 A = Elapsed time spent in this place.
 B = Non-inter-level travel time spent in this place.
 C = Inter-level travel time spent in this place.
 D = Time resting spent in this place.
 E = Time spent auto-exploring this place.
 F = Levels seen in this place.
 G = Mean time per level.
                   A        B        C        D        E       F      G
               +--------+--------+--------+--------+--------+-----+--------+
         Total |  17958 |  16139 |   1819 |   1476 |  11456 |  16 | 1122.4 |
       Dungeon |  17410 |  15591 |   1819 |   1439 |  11271 |  13 | 1339.2 |
          Lair |    289 |    289 |      0 |      0 |    185 |   1 |  289.0 |
         Abyss |    232 |    232 |      0 |     37 |      0 |   1 |  232.0 |
       Volcano |     26 |     26 |      0 |      0 |      0 |   1 |   26.0 |
               +--------+--------+--------+--------+--------+-----+--------+

Top non-repeatable levels by time:
     D:4: 1947 daAuts
     D:5: 1837 daAuts
     D:8: 1772 daAuts
    D:10: 1736 daAuts
     D:3: 1608 daAuts
     D:9: 1557 daAuts
    D:12: 1347 daAuts
     D:6: 1331 daAuts
     D:2: 1307 daAuts
    D:11: 1282 daAuts
     D:7: 925 daAuts
     D:1: 744 daAuts
  Lair:1: 289 daAuts
 Abyss:2: 232 daAuts
 Volcano: 26 daAuts
